 Dungeon Crawl Stone Soup version 0.29.1-1-gd02db69 (webtiles) character file.

Game seed: 4582625432211548410

17826 Kel the Cleaver (level 12, 0/80 HPs)
             Began as a Gargoyle Berserker on Nov 25, 2022.
             Was a High Priest of Trog.
             Slain by an orc knight
             ... wielding a +0 great sword
              (7 damage)
             ... on level 12 of the Dungeon.
             The game lasted 00:22:17 (13684 turns).

Kel the Cleaver (Gargoyle Berserker)               Turns: 13684, Time: 00:22:18

Health: 0/80       AC: 30    Str: 30    XL:     12   Next: 52%
Magic:  0/12       EV:  8    Int: 10    God:    Trog [*****.]
Gold:   677        SH:  0    Dex: 15    Spells: 11/11 levels left

rFire   . . .      SeeInvis .   V - +4 great mace
rCold   . . .      Faith    .   (shield currently unavailable)
rNeg    + . .      Spirit   +   E - +0 plate armour
rPois   ∞          Reflect  .   w - +2 helmet
rElec   +          Harm     .   y - +2 cloak
rCorr   .          Rampage  .   (no gloves)
Will    .....                   (no boots)
Stlth   ..........              q - amulet of guardian spirit
HPRegen 0.23/turn               F - +6 ring of dexterity
MPRegen 0.13/turn               C - +6 ring of strength

@: on berserk cooldown, slowed, very slow
A: sickness immunity, AC +8, negative energy resistance 1, electricity
resistance, torment resistance 1, petrification resistance
a: Renounce Religion, Berserk, Trog's Hand, Brothers in Arms


You were on level 12 of the Dungeon.
You worshipped Trog.
Trog was extremely pleased with you.
You visited 1 branch of the dungeon, and saw 12 of its levels.
You also visited: Bailey.

You collected 677 gold pieces.

Inventory:

Hand Weapons
 J - a +0 broad axe
 V - a +4 great mace (weapon)
Missiles
 H - 7 throwing nets (quivered)
Armour
 w - a +2 helmet (worn)
 y - a +2 cloak (worn)
 E - a +0 plate armour (worn)
 N - a +0 kite shield
Jewellery
 q - an amulet of guardian spirit (around neck)
 u - a ring of resist corrosion
 C - a +6 ring of strength (right hand)
 D - a +4 ring of protection
 F - a +6 ring of dexterity (left hand)
 M - a ring of flight
 T - a +4 ring of evasion
 U - an amulet of faith
Wands
 c - a wand of flame (43)
 v - a wand of mindburst (5)
 A - a wand of roots (2)
 Q - a wand of quicksilver (4)
Scrolls
 b - 2 scrolls of amnesia {unknown}
 d - 6 scrolls of teleportation
 f - 6 scrolls of fear {unknown}
 g - 2 scrolls of blinking {unknown}
 i - 5 scrolls of immolation {unknown}
 j - 2 scrolls of silence {unknown}
 l - 5 scrolls of poison {unknown}
 m - 2 scrolls of summoning {unknown}
 n - 7 scrolls of identify {unknown}
 p - 2 scrolls of enchant weapon {unknown}
 s - a scroll of torment {unknown}
 B - 4 scrolls of vulnerability {unknown}
 G - a scroll of magic mapping {unknown}
 I - 2 scrolls of butterflies {unknown}
 L - 2 scrolls of noise {unknown}
 S - a scroll of acquirement {unknown}
Potions
 a - 4 potions of brilliance {unknown}
 e - 2 potions of flight {unknown}
 h - 4 potions of heal wounds {unknown}
 k - 4 potions of lignification {unknown}
 o - 4 potions of might
 r - 2 potions of berserk rage {unknown}
 t - 3 potions of curing
 x - 3 potions of mutation {unknown}
 z - 4 potions of attraction {unknown}
 K - 2 potions of degeneration {unknown}
 O - 2 potions of ambrosia {unknown}
 R - a potion of magic {unknown}
Miscellaneous
 P - a piece from Xom's chessboard (15/15)


   Skills:
 * Level 11.0 Fighting
 - Level 14.1 Axes
 * Level 10.7 Armour
 - Level 1.5 Dodging


You had 11 spell levels left.
You didn't know any spells.
Your spell library was empty.

Dungeon Overview and Level Annotations

Branches:
Dungeon (12/15)            Temple (0/1) D:6            Lair (0/5) D:10
 Bailey (visited)
    Orc: D:9-12

Altars:
Nemelex Xobeh

Portals:
Trove: D:10 (give 14 potions of heal wounds)

Annotations:
D:10 exclusion: oklob plant


Innate Abilities, Weirdness & Mutations

You are immune to sickness and miasma.
Your stone body is resilient. (AC +8)
You are immune to poison.
You resist negative energy. (rN+)
You are resistant to electric shocks. (rElec)
You are resistant to unholy torment.
You are immune to petrification.


Message History

You feel a strong urge to attack something.
The warg bites you but does no damage.
You hear some strange, mumbled words.
A magic dart appears from out of thin air!
The magic dart hits you but does no damage.
The orc hits you with a +0 hand axe. The orc warrior closely misses you.
The orc knight hits you with a +0 great sword!!
The warg bites you but does no damage.
The orc knight hits you with a +0 great sword.
You barely miss the orc knight.
The orc knight is lightly wounded.
The warg bites you but does no damage.
The orc warrior hits you but does no damage.
The orc warrior closely misses you.
The orc knight hits you with a +0 great sword.
Something hits you but does no damage.
You bludgeon the orc knight!!
The orc knight is heavily wounded.
The warg bites you. The warg closely misses you.
You bludgeon the orc knight!!
The orc knight is almost dead.
You are no longer berserk.
You are exhausted.
You feel yourself slow down.
You hear some strange, mumbled words.
A magic dart appears from out of thin air!
The magic dart hits you. The orc warrior barely misses you. x2
The orc knight hits you with a +0 great sword!
The warg bites you but does no damage.
You hit the orc knight but do no damage.
The orc knight is almost dead.
You hear some strange, mumbled words.
A magic dart appears from out of thin air!
The magic dart hits you!
* * * LOW HITPOINT WARNING * * *
The orc warrior hits you but does no damage.
The orc warrior hits you with a +1 hand axe of venom!!
* * * LOW HITPOINT WARNING * * *
The orc knight hits you with a +0 great sword!
You die...

##.## #..#
#..##
##..# #..#
#..##
##..# .
#.o## ...
#o@o#.....
##{h......
#o.......
.........
###.######
.# .. #.
.#


You could see an orc knight, a warg, 2 orc warriors and an orc (strong).

Vanquished Creatures
  Gastronok (D:11)
  2 vault guards (Bailey)
  Harold (D:11)
  2 two-headed ogres
  Erica (D:8)
  A centaur warrior (D:11)
  Urug (D:11)
  A wolf spider (D:11)
  An ugly thing (D:11)
  Maurice (D:11)
  2 cyclopes (D:11)
  A manticore (D:11)
  Joseph (D:7)
  A gargoyle (D:10)
  A cane toad (shapeshifter) (D:11)
  An unseen horror (D:11)
  A kobold demonologist (D:11)
  A troll (D:11)
  Prince Ribbit (D:6)
  A blink frog (Bailey)
  A shadow (D:10)
  2 wyverns
  11 yaks
  2 steam dragons (D:8)
  2 wraiths
  Eustachio (D:6)
  A basilisk (D:11)
  2 humans (Bailey)
  A warg (D:12)
  3 acid dragons
  2 water moccasins
  Duvessa (D:5)
  5 orc warriors
  2 ice beasts (D:6)
  A sky beast (D:7)
  3 black bears
  3 ogres
  3 centaurs
  2 kobold brigands
  A necrophage (D:6)
  7 bullfrogs
  2 gnoll sergeants
  Dowan (D:5)
  11 killer bees
  2 howler monkeys (D:10)
  7 orc priests
  2 hounds
  6 jellies
  2 gnoll boudas
  2 iguanas
  7 orc wizards
  9 adders
  14 gnolls
  A shadow imp (D:7)
  A white imp (D:6)
  2 adder skeletons (D:3)
  13 dart slugs
  35 orcs
  7 ball pythons
  6 bats
  4 endoplasms
  7 goblins
  9 hobgoblins
  3 jackals (D:1)
  7 quokkas
  A ball python skeleton (D:3)
  5 frilled lizards
  13 kobolds
  A quokka zombie (D:3)
  5 rats
264 creatures vanquished.

Vanquished Creatures (others)
  An orc wizard (D:8)
  A withered plant (D:3)
2 creatures vanquished.

Grand Total: 266 creatures vanquished

Notes
Turn   | Place    | Note
-------+----------+-------------------------------------------
     0 | D:1      | Kel the Gargoyle Berserker began the quest for the Orb.
     0 | D:1      | Reached XP level 1. HP: 14/14 MP: 1/1
    99 | D:1      | Reached skill level 3 in Axes
   141 | D:1      | Reached XP level 2. HP: 19/19 MP: 2/2
   562 | D:1      | Found a faded altar of an unknown god.
   911 | D:2      | Reached XP level 3. HP: 23/23 MP: 3/3
   973 | D:2      | Reached skill level 4 in Axes
   982 | D:2      | Reached ** piety under Trog
  1332 | D:2      | Reached XP level 4. HP: 25/28 MP: 4/4
  2483 | D:4      | Noticed an orc warrior
  2504 | D:3      | Killed an orc warrior
  2505 | D:3      | Reached skill level 5 in Axes
  2505 | D:3      | Reached XP level 5. HP: 16/32 MP: 2/5
  2737 | D:3      | Reached XP level 6. HP: 36/37 MP: 4/6
  2738 | D:3      | Reached skill level 6 in Axes
  3127 | D:4      | Reached *** piety under Trog
  3798 | D:4      | Reached skill level 7 in Axes
  3839 | D:4      | Reached XP level 7. HP: 39/41 MP: 7/7
  3871 | D:4      | Identified the +1 chain mail of the Mind {Harm +Inv Str-4
                  | Dex+4}
  4286 | D:5      | Entered Level 5 of the Dungeon
  4710 | D:5      | Reached skill level 8 in Axes
  4755 | D:5      | Reached XP level 8. HP: 28/46 MP: 4/8
  5202 | D:5      | Noticed Duvessa
  5202 | D:5      | Noticed Dowan
  5216 | D:5      | Killed Duvessa
  5217 | D:5      | Reached skill level 9 in Axes
  5226 | D:5      | Killed Dowan
  5702 | D:6      | Noticed Prince Ribbit
  5719 | D:6      | Killed Prince Ribbit
  5813 | D:6      | Reached skill level 10 in Axes
  6122 | D:6      | Found a staircase to the Ecumenical Temple.
  6178 | D:6      | Noticed Eustachio
  6206 | D:6      | Killed Eustachio
  6206 | D:6      | Reached **** piety under Trog
  6207 | D:6      | Reached XP level 9. HP: 42/51 MP: 7/9
  6332 | D:6      | Reached skill level 11 in Axes
  6860 | D:7      | Found a sparkling altar of Nemelex Xobeh.
  6878 | D:7      | Found a flagged portal.
  6895 | Bailey   | Entered a bailey
  6948 | Bailey   | Reached skill level 12 in Axes
  7052 | Bailey   | Noticed a vault guard
  7075 | Bailey   | Killed a vault guard
  7076 | Bailey   | Reached skill level 13 in Axes
  7076 | Bailey   | Reached XP level 10. HP: 29/56 MP: 7/10
  7244 | Bailey   | Noticed a vault guard
  7267 | Bailey   | Killed a vault guard
  7865 | D:7      | Noticed Joseph
  7886 | D:7      | Killed Joseph
  7887 | D:7      | Reached skill level 14 in Axes
  9084 | D:8      | Noticed Erica
  9101 | D:8      | Killed Erica
  9376 | D:8      | Reached skill level 5 in Fighting
  9388 | D:8      | Reached ***** piety under Trog
  9415 | D:8      | Reached skill level 5 in Armour
  9415 | D:8      | Reached XP level 11. HP: 24/64 MP: 4/11
 10092 | D:9      | Noticed a two-headed ogre
 10121 | D:9      | Killed a two-headed ogre
 10911 | D:10     | Entered Level 10 of the Dungeon
 11163 | D:10     | Found a staircase to the Lair.
 11168 | D:10     | Noticed an oklob plant
 11396 | D:10     | Found a portal to a secret trove of treasure.
 11665 | D:11     | Noticed a manticore
 11670 | D:11     | Killed a manticore
 11702 | D:11     | Noticed Maurice
 11713 | D:11     | Killed Maurice
 11891 | D:11     | Noticed Gastronok
 11906 | D:11     | Killed Gastronok
 12206 | D:11     | Noticed a two-headed ogre
 12215 | D:11     | Killed a two-headed ogre
 12216 | D:11     | Reached XP level 12. HP: 76/76 MP: 9/12
 12518 | D:11     | Noticed a centaur warrior
 12523 | D:11     | Killed a centaur warrior
 12525 | D:11     | Reached skill level 10 in Fighting
 12696 | D:11     | Noticed Urug
 12711 | D:11     | Killed Urug
 12712 | D:11     | Reached skill level 10 in Armour
 12844 | D:11     | Noticed Harold
 12928 | D:11     | Killed Harold
 13684 | D:12     | Slain by an orc knight

Illustrated notes

Levels and vault maps discovered:
D:1:      saegor_arrival_simple_e, layout_loops_cross,
          ebering_ecumenical_altar_rust
D:2:      layout_loops_ring, wad_orctagon
D:3:      layout_basic, serial_undead, serial_undead_a, serial_undead_b,
          serial_undead_e, serial_undead_e, amcnicky_mini_corridor_feature
D:4:      layout_layer_cave, minmay_between
D:5:      kennysheep_slugbush, layout_loops_ring, minmay_misc_feat_hallway,
          hangedman_decor_clover_reticule, uniq_duvessa
D:6:      layout_loops_ring, minmay_temple_entry_fiery, minmay_holes,
          uniq_eustachio, uniq_prince_ribbit1
D:7:      layout_basic, nemelex_xobeh_ov_fountains_minmay, enter_bailey_5,
          grunt_ministairs_3, uniq_joseph
D:8:      layout_cave_pools, uniq_erica
D:9:      nicolae_BIG_FREAKIN_CUBE, layout_basic, minmay_chambers_of_fives
D:10:     layout_roguey, dpeg_oklobed_lair, enter_trove_1
D:11:     minmay_curly_fans, layout_irregular_city, kennysheep_generic_room_3,
          uniq_urug, uniq_maurice, uniq_gastronok, uniq_harold
D:12:     layout_cave_pods, orc_0_dummy, minmay_misc_feat_diagonals, uniq_psyche

Skill      XL: |  1  2  3  4  5  6  7  8  9 10 11 12 |
---------------+-------------------------------------+-----
Axes           | 3 4 5 7 8 10 13 14 | 14.1
Armour         | 5 9 10 | 10.7
Fighting       | 5 9 11 | 11.0
Dodging        | |  1.5

Action                   |  1- 3 |  4- 6 |  7- 9 | 10-12 || total
-------------------------+-------+-------+-------+-------++-------
Melee: Hand axe          |    77 |       |       |       ||    77
       Punch             |     1 |     2 |     3 |     1 ||     7
       Mace              |       |   100 |       |       ||   100
       War axe           |       |    55 |   275 |    20 ||   350
       Broad axe         |       |       |       |   355 ||   355
       Great mace        |       |       |       |    44 ||    44
Invok: Berserk           |       |     2 |     1 |    13 ||    16
       Trog's Hand       |       |       |       |     1 ||     1
  Use: Potion            |       |       |     1 |     3 ||     4
       Scroll            |       |       |       |     2 ||     2
Armor: Animal skin       |     3 |       |       |       ||     3
       Scale mail        |    42 |    48 |       |       ||    90
       Chain mail        |       |    64 |   105 |       ||   169
       Plate armour      |       |       |   136 |   360 ||   496
Dodge: Dodged            |    54 |    75 |   111 |   175 ||   415
Block: Buckler           |       |       |       |    21 ||    21
       Kite shield       |       |       |       |    99 ||    99
